 Dungeon Sprint DCSS version 0.19-a0-1259-g4fc3c0a (webtiles) character file.

186003 Groucho the Shatterer (level 16, -7/283 HPs)
             Began as a Troll Berserker on Aug 28, 2016.
             Was the Champion of Trog.
             Mangled by a shadow dragon (17 damage)
             ... in the Dungeon (Sprint IX: "|||||||||||||||||||||||||||||").
             The game lasted 00:29:25 (7493 turns).

Groucho the Shatterer (Troll Berserker)             Turns: 7493, Time: 00:29:25

Health: -7/283     AC: 32    Str: 34    XL:     16   Next: 33%
Magic:  15/15      EV: 18    Int:  6    God:    Trog [******]
Gold:   994        SH:  0    Dex: 14    Spells: 0 memorised, 15 levels left

rFire  . . .     SeeInvis .     y - +6 giant spiked club "Rof Julu" {crush, rElec rC++}
rCold  + + +     Gourm    +     a - +2 storm dragon armour
rNeg   . . .     Faith    .     (shield currently unavailable)
rPois  +         Spirit   .     (helmet restricted)
rElec  +         Dismiss  .     H - +2 cloak {+Inv}
rCorr  .         Reflect  .     (gloves unavailable)
MR     ++...     Harm     .     (boots unavailable)
Stlth  .......... NoTele   +    (no amulet)
                                m - ring "Hel Ikes" {rPois rC+ MR+ Int+3}
                                I - +4 ring of protection

@: berserking, very quick
A: unfitting armour, claws 3, fast metabolism 3, gourmand, regeneration 1,
shaggy fur 1, tough skin 2
a: Berserk, Trog's Hand, Brothers in Arms, Burn Spellbooks, Renounce Religion,
Evoke Invisibility
}: 4/15 runes: decaying, serpentine, barnacled, gossamer


You were in the Dungeon.
You worshipped Trog.
Trog was exalted by your worship.
You were very full.

You visited 1 branch You collected 1915 gold pieces.
You spent 921 gold pieces at shops.

Inventory:

Hand Weapons
 b - the +5 giant club "Yreluzi" {venom, rElec rF+ Dex+4}
   (Trog gifted it to you in the Dungeon)

   It poisons the flesh of those it strikes.
   It affects your dexterity (+4).
   It protects you from fire.
   It insulates you from electricity.
 w - the +5 giant club of Anguish {holy, rC+}
   (Trog gifted it to you in the Dungeon)

   It has been blessed by the Shining One to cause great damage to the undead
   and demons.
   It protects you from cold.
 y - the +6 giant spiked club "Rof Julu" (weapon) {crush, rElec rC++}
   (Trog gifted it to you in the Dungeon)

   It inflicts extra damage upon your enemies.
   It greatly protects you from cold.
   It insulates you from electricity.
 C - the +5 giant club of Hubris {antimagic, rN+}
   (Trog gifted it to you in the Dungeon)

   It reduces the magical energy of the wielder, and disrupts the spells and
   magical abilities of those hit.
   Natural abilities and divine invocations are not affected.
   It protects you from negative energy.
 J - a +9 antimagic giant club
Armour
 a - a +2 storm dragon armour (worn)
 H - a +2 cloak of invisibility (worn)
Jewellery
 m - the ring "Hel Ikes" (right claw) {rPois rC+ MR+ Int+3}
   (You bought it in a shop in the Dungeon)

   [ring of protection from cold]

   It affects your intelligence (+3).
   It protects you from cold.
   It protects you from poison.
   It affects your resistance to hostile enchantments.
 D - an uncursed amulet of regeneration
 I - a +4 ring of protection (left claw)
Wands
 l - a wand of iceblast (7/15)
 p - a wand of disintegration (18/24)
Scrolls
 i - 3 scrolls of blinking
 k - 7 scrolls of remove curse
 n - 4 scrolls of recharging
 t - 4 scrolls of enchant armour
 u - 3 scrolls of identify
 E - 2 scrolls of enchant weapon
 F - 2 scrolls of fog
Potions
 d - 13 potions of curing
 e - a potion of heal wounds
 f - 4 potions of haste
 g - 4 potions of magic
 h - a potion of berserk rage
 j - a potion of mutation
 q - 2 potions of might
 r - 2 potions of brilliance
 s - 2 potions of flight
 v - a potion of ambrosia {unknown}
 x - 2 potions of cure mutation
Comestibles
 c - 13 bread rations
 z - a beef jerky
 A - 40 fruits
 B - 7 meat rations


   Skills:
 + Level 19.1 Fighting
 + Level 25.1 Maces & Flails
 * Level 20.4 Armour
 + Level 19.1 Dodging


You had 15 spell levels left.
You didn't know any spells.

Dungeon Overview and Level Annotations

Branches:
Dungeon (1/1)

Altars:
Cheibriados
Dithmenos
Elyvilon
Fedhas
Gozag
Hepliaklqana
Kikubaaqudgha
Makhleb
Nemelex Xobeh
Okawaru
Qazlal
Ru
Sif Muna
Trog
Uskayaw
Vehumet
Xom
Yredelemnul
Zin
The Shining One
Beogh
Jiyva
Lugonu

Shops:
D =:*(

Annotations:
D Saint Roka


Innate Abilities, Weirdness & Mutations

You are too large for most types of armour.
You have claws for hands.
Your metabolism is lightning-fast.
You like to eat raw meat.
Your natural rate of healing is unusually fast.
You are covered in fur. (AC +1)
You have very tough skin. (AC +2)


Message History

The shadow dragon is heavily wounded.
Your skin stops crawling.
You feel less resistant to hostile enchantments.
The shadow dragon bites you but does no damage.
The shadow dragon claws you.
* * * LOW HITPOINT WARNING * * *
The shadow dragon completely misses you.
Saint Roka invokes the aid of Beogh against you.
Beogh smites you!
* * * LOW HITPOINT WARNING * * *
You bludgeon the shadow dragon!!
The shadow dragon is severely wounded.
Unknown command.
You barely miss the shadow dragon.
The shadow dragon is severely wounded.
Saint Roka calls down the wrath of Beogh upon you.
Beogh smites you!
* * * LOW HITPOINT WARNING * * *
The shadow dragon bites you!
You die...

▓▓▓▓▓▓▓▓▓▓▓▓▓▓▓▓▓▓▓▓▓▓▓▓
)))).......+)[))@Di.(o..
▓▓▓▓▓▓▓▓▓▓▓▓▓▓▓▓▓▓▓▓▓▓▓▓▓▓▓▓▓▓▓▓▓
......)..........................
▓▓▓▓▓▓▓▓▓▓▓▓▓▓▓▓▓▓▓▓▓▓▓▓♣♣♣♣♣♣♣♣♣
))))......††)†.)†.......)††......
▓▓▓▓▓▓▓▓▓▓▓▓▓▓▓▓▓▓▓▓▓▓▓▓♣♣♣♣♣♣♣♣♣
.................................
▓▓▓▓▓▓▓▓▓▓▓▓▓▓▓▓▓▓▓▓▓▓▓▓▓▓▓▓▓▓▓▓▓
)))...[[[[[[....................'


You could see Saint Roka, a shadow dragon and a spriggan baker.

Vanquished Creatures
  Nikola (D)
  Rupert (D)
  A thorn hunter (D)
  Frances (D)
  2 shadow dragons (D)
  A tengu reaver (D)
  4 greater nagas (D)
  Ilsuiw (D)
  3 frost giants (D)
  2 vault wardens (D)
  5 ghost moths (D)
  5 emperor scorpions (D)
  4 ironheart preservers (D)
  3 stone giants (D)
  A vampire knight (D)
  An ettin (D)
  2 merfolk javelineers (D)
  Snorg (D)
  Josephine (D)
  5 merfolk impalers (D)
  A fire dragon (D)
  3 yaktaur captains (D)
  A great orb of eyes (D)
  25 vault guards (D)
  5 hydras (D)
  Erolcha (D)
  2 merfolk aquamancers (D)
  A deep troll shaman (D)
  An alligator (D)
  A shock serpent (D)
  An orc high priest (D)
  A deep elf knight (D)
  Sonja (D)
  A wizard (D)
  A sea snake (D)
  A spriggan druid (D)
  A giant orange brain (D)
  A shambling mangrove (D)
  9 swamp dragons (D)
  A hill giant (D)
  5 orc knights (D)
  A mana viper (D)
  2 wolf spiders (D)
  4 ugly things (D)
  An orb spider (D)
  4 ironbrand convokers (D)
  2 griffons (D)
  A hornet (D)
  A griffon (shapeshifter) (D)
  5 cyclopes (D)
  A manticore (D)
  Maurice (D)
  2 guardian serpents (D)
  3 black mambas (D)
  2 naga magi (D)
  Psyche (D)
  A vault sentinel (D)
  A torpor snail (D)
  A komodo dragon (D)
  A yaktaur (D)
  2 yaktaurs (shapeshifter) (D)
  4 demonic crawlers (D)
  4 jumping spiders (D)
  A tengu conjurer (D)
  4 polar bears (D)
  3 merfolk (D)
  3 slime creatures (D)
  A blink frog (D)
  A snapping turtle (D)
  2 boulder beetles (D)
  2 redbacks (D)
  A spriggan (shapeshifter) (D)
  A wyvern (D)
  6 wraiths (D)
  2 basilisks (D)
  A yak (D)
  A vampire mosquito (D)
  A mottled dragon (D)
  3 nagas (D)
  A water moccasin (D)
  2 porcupines (D)
  3 swamp drakes (D)
  An ice beast (shapeshifter) (D)
  6 orc warriors (D)
  A sky beast (D)
  4 black bears (D)
  A phantom (D)
  2 wasps (D)
  A centaur (D)
  A crocodile (shapeshifter) (D)
  2 crocodiles (D)
  2 giant frogs (D)
  2 crimson imps (D)
  A quasit (D)
  2 orc priests (D)
  4 orc wizards (D)
  An iguana (D)
  A worker ant (D)
  2 adders (D)
  3 river rats (D)
  A giant gecko (D)
  6 orcs (D)
  A bat skeleton (D)
  A giant cockroach (D)
  A goblin (D)
  A giant newt (D)
  A kobold (D)
242 creatures vanquished.

Vanquished Creatures (collateral kills)
  A fire giant (D)
  A vampire knight (D)
  A stone giant (D)
  A merfolk impaler (D)
  4 naga warriors (D)
  A hydra (D)
  An ogre mage (D)
  2 centaur warriors (D)
  2 merfolk aquamancers (D)
  A satyr (D)
  An orc high priest (D)
  A flayed ghost (D)
  9 orc knights (D)
  A siren (D)
  A black mamba (D)
  A guardian serpent (D)
  A yaktaur (D)
  A tengu conjurer (D)
  A merfolk (D)
  5 orc warriors (D)
  An orc wizard (D)
  A giant gecko simulacrum (D)
39 creatures vanquished.

Vanquished Creatures (others)
  A naga mage (D)
  A briar patch (D)
2 creatures vanquished.

Grand Total: 283 creatures vanquished

Notes
Turn   | Place    | Note
-------+----------+-------------------------------------------
     0 | D        | Groucho the Troll Berserker began the quest for the Orb.
     0 | D        | Reached XP level 1. HP: 22/22 MP: 0/0
     5 | D        | Reached skill level 3 in Maces & Flails
    12 | D        | Reached ** piety under Trog
    14 | D        | Reached skill level 4 in Maces & Flails
    25 | D        | Noticed an orc wizard
    25 | D        | Noticed a centaur
    25 | D        | Noticed a quasit
    25 | D        | Noticed a worker ant
    37 | D        | Killed an orc wizard
    37 | D        | Reached *** piety under Trog
    37 | D        | Reached skill level 6 in Maces & Flails
    37 | D        | Reached XP level 2. HP: 29/29 MP: 1/1
    37 | D        | Reached XP level 3. HP: 36/36 MP: 2/2
    44 | D        | Killed a centaur
    44 | D        | Reached skill level 9 in Maces & Flails
    44 | D        | Reached XP level 4. HP: 21/44 MP: 3/3
    57 | D        | Reached XP level 5. HP: 16/50 MP: 4/4
    61 | D        | Reached **** piety under Trog
    61 | D        | Reached skill level 10 in Maces & Flails
   145 | D        | Found a roughly hewn altar of Beogh.
   145 | D        | Found a snail-covered altar of Cheibriados.
   145 | D        | Found a shadowy altar of Dithmenos.
   145 | D        | Found a white marble altar of Elyvilon.
   145 | D        | Found a blossoming altar of Fedhas.
   145 | D        | Found an opulent altar of Gozag.
   146 | D        | Found a hazy altar of Hepliaklqana.
   147 | D        | Found a viscous altar of Jiyva.
   148 | D        | Found an ancient bone altar of Kikubaaqudgha.
   149 | D        | Found a corrupted altar of Lugonu.
   150 | D        | Found a burning altar of Makhleb.
   151 | D        | Found a sparkling altar of Nemelex Xobeh.
   152 | D        | Found an iron altar of Okawaru.
   153 | D        | Found a stormy altar of Qazlal.
   154 | D        | Found a sacrificial altar of Ru.
   155 | D        | Found a deep blue altar of Sif Muna.
   156 | D        | Found a bloodstained altar of Trog.
   157 | D        | Found a hide-covered altar of Uskayaw.
   158 | D        | Found a radiant altar of Vehumet.
   159 | D        | Found a shimmering altar of Xom.
   160 | D        | Found a basalt altar of Yredelemnul.
   161 | D        | Found a glowing silver altar of Zin.
   162 | D        | Found a glowing golden altar of the Shining One.
   193 | D        | Noticed a hill giant
   193 | D        | Noticed a phantom
   193 | D        | Noticed a sky beast
   198 | D        | Killed a hill giant
   198 | D        | Reached skill level 5 in Fighting
   198 | D        | Reached skill level 12 in Maces & Flails
   198 | D        | Reached skill level 5 in Dodging
   198 | D        | Reached XP level 6. HP: 27/66 MP: 5/5
   198 | D        | Reached XP level 7. HP: 30/72 MP: 6/6
   221 | D        | Reached skill level 13 in Maces & Flails
   229 | D        | Reached ***** piety under Trog
   275 | D        | Noticed a hog
   275 | D        | Noticed a manticore
   275 | D        | Noticed a slime creature
   275 | D        | Noticed a cyclops
   275 | D        | Noticed a wyvern
   276 | D        | a hog changed into a crocodile
   281 | D        | Reached XP level 8. HP: 83/83 MP: 7/7
   291 | D        | Killed a manticore
   297 | D        | Killed a slime creature
   297 | D        | Reached skill level 14 in Maces & Flails
   301 | D        | Killed a cyclops
   310 | D        | Reached XP level 9. HP: 31/94 MP: 8/8
   412 | D        | Noticed Psyche
   421 | D        | Killed Psyche
   480 | D        | Noticed a komodo dragon
   486 | D        | Received a gift from Trog
   486 | D        | Reached skill level 15 in Maces & Flails
   504 | D        | Killed a komodo dragon
   518 | D        | Reached ****** piety under Trog
   564 | D        | Noticed a torpor snail
   564 | D        | Noticed a seven-headed hydra
   571 | D        | Noticed a seven-headed hydra
   577 | D        | Received a gift from Trog
   580 | D        | Noticed a black mamba
   582 | D        | Killed a torpor snail
   582 | D        | Reached skill level 16 in Maces & Flails
   584 | D        | Killed a seven-headed hydra
   584 | D        | Reached XP level 10. HP: 51/107 MP: 9/9
   965 | D        | Killed a six-headed hydra
   965 | D        | Killed a black mamba
   975 | D        | Received a gift from Trog
   981 | D        | Got a scorched giant club {god gift}
   998 | D        | Identified the +5 giant club of the Old World {freeze, rPois} (Trog gifted it to you in the Dungeon)
  1008 | D        | Reached skill level 10 in Fighting
  1008 | D        | Reached skill level 10 in Dodging
  1018 | D        | Reached skill level 17 in Maces & Flails
  1032 | D        | Received a gift from Trog
  1412 | D        | Received a gift from Trog
  1471 | D        | Noticed an orc high priest
  1471 | D        | Noticed an orc knight
  1474 | D        | Killed an orc high priest
  1475 | D        | Noticed an orc knight
  1481 | D        | Killed an orc knight
  1481 | D        | Reached XP level 11. HP: 79/119 MP: 3/10
  1491 | D        | Noticed an orc high priest
  1491 | D        | HP: 4/119 [orc knight/long sword (39)]
  1499 | D        | Killed an orc knight
  1504 | D        | Received a gift from Trog
  1506 | D        | Reached skill level 18 in Maces & Flails
  1508 | D        | Killed an orc high priest
  1880 | D        | Found Pyalemomi's Jewellery Emporium.
  1880 | D        | Noticed an orc knight
  1880 | D        | Noticed an orc knight
  1880 | D        | Noticed an orc knight
  1880 | D        | Noticed an orc knight
  1880 | D        | Noticed an orc knight
  1882 | D        | Noticed an orc knight
  1887 | D        | Killed an orc knight
  1890 | D        | Killed an orc knight
  1890 | D        | Received a gift from Trog
  1891 | D        | Killed an orc knight
  1898 | D        | Killed an orc knight
  1901 | D        | Killed an orc knight
  1903 | D        | Killed an orc knight
  1905 | D        | Noticed an orc knight
  1907 | D        | Killed an orc knight
  1913 | D        | Noticed an orc knight
  1927 | D        | Killed an orc knight
  1930 | D        | Found Senoug's Book Shoppe.
  2062 | D        | Found Wosankyt's General Store.
  2066 | D        | Found Dour Jene's Antique Weapon Shoppe.
  2069 | D        | Bought the ring "Hel Ikes" {rPois rC+ MR+ Int+3} for 625 gold pieces
  2072 | D        | Noticed an orc knight
  2073 | D        | Noticed an orc knight
  2074 | D        | Noticed an orc knight
  2078 | D        | Killed an orc knight
  2078 | D        | Received a gift from Trog
  2086 | D        | Killed an orc knight
  2092 | D        | HP: 3/123 [orc knight/enchanted great sword (16)]
  2094 | D        | Killed an orc knight
  2498 | D        | Bought a scroll of remove curse for 33 gold pieces
  2498 | D        | Bought a potion of mutation for 27 gold pieces
  2498 | D        | Bought a scroll of identify for 22 gold pieces
  2498 | D        | Bought a scroll of recharging for 104 gold pieces
  2498 | D        | Bought 2 potions of curing for 66 gold pieces
  2498 | D        | Bought a potion of might for 44 gold pieces
  2535 | D        | Noticed Erolcha
  2539 | D        | Noticed Josephine
  2541 | D        | Killed Erolcha
  2541 | D        | Reached skill level 19 in Maces & Flails
  2543 | D        | Received a gift from Trog
  2551 | D        | Killed Josephine
  2613 | D        | Got a twisted giant club {god gift}
  2614 | D        | Identified the +5 giant club of Anguish {holy, rC+} (Trog gifted it to you in the Dungeon)
  2942 | D        | Noticed a purple ugly thing
  2942 | D        | Noticed a griffon
  2948 | D        | Killed a purple ugly thing
  2948 | D        | Received a gift from Trog
  2948 | D        | Reached skill level 1 in Armour
  2949 | D        | Noticed a griffon
  2952 | D        | Killed a griffon
  2952 | D        | Received a gift from Trog
  2956 | D        | Noticed an ogre mage
  2965 | D        | Noticed a stone giant
  2965 | D        | Reached XP level 12. HP: 96/133 MP: 11/11
  2970 | D        | Noticed a great orb of eyes
  2978 | D        | Killed a stone giant
  2978 | D        | Received a gift from Trog
  2983 | D        | Noticed a stone giant
  2985 | D        | Killed a great orb of eyes
  2985 | D        | Reached skill level 20 in Maces & Flails
  2992 | D        | Killed an ogre mage
  2996 | D        | Killed a stone giant
  2998 | D        | Received a gift from Trog
  3203 | D        | Killed a ghost moth
  3210 | D        | Reached skill level 5 in Armour
  3216 | D        | Received a gift from Trog
  3610 | D        | Received a gift from Trog
  3616 | D        | Reached skill level 21 in Maces & Flails
  3654 | D        | Noticed a satyr
  3654 | D        | Noticed a merfolk impaler
  3666 | D        | Killed a satyr
  3671 | D        | Killed a merfolk impaler
  3698 | D        | Received a gift from Trog
  3712 | D        | Reached XP level 13. HP: 58/145 MP: 12/12
  3997 | D        | Received a gift from Trog
  4001 | D        | Received a gift from Trog
  4005 | D        | Noticed a thorn hunter
  4025 | D        | Killed a thorn hunter
  4189 | D        | Noticed Snorg
  4190 | D        | Noticed Maurice
  4211 | D        | Killed Snorg
  4220 | D        | Killed Maurice
  4220 | D        | Received a gift from Trog
  4261 | D        | Noticed Frances
  4273 | D        | Killed Frances
  4278 | D        | Noticed Sonja
  4298 | D        | Killed Sonja
  4738 | D        | Noticed a frost giant
  4742 | D        | Noticed a fire dragon
  4750 | D        | Noticed a tengu reaver
  4763 | D        | Killed a frost giant
  4763 | D        | Received a gift from Trog
  4766 | D        | Noticed a fire giant
  4766 | D        | Reached skill level 22 in Maces & Flails
  4770 | D        | Noticed a vampire knight
  4776 | D        | Killed a fire dragon
  4776 | D        | Reached skill level 10 in Armour
  4817 | D        | Killed a tengu reaver
  4821 | D        | Received a gift from Trog
  4826 | D        | HP: 7/148 [fire giant/great sword of flaming (3)]
  4832 | D        | Killed a fire giant
  4841 | D        | Killed a vampire knight
  4864 | D        | Received a gift from Trog
  5033 | D        | Noticed a vampire knight
  5047 | D        | Killed a vampire knight
  5062 | D        | Got a fine giant club {god gift}
  5063 | D        | Identified the +5 giant club "Yreluzi" {venom, rElec rF+ Dex+4} (Trog gifted it to you in the Dungeon)
  5354 | D        | Noticed an ironheart preserver
  5354 | D        | Noticed an ironheart preserver
  5370 | D        | Received a gift from Trog
  5370 | D        | Reached skill level 15 in Dodging
  5375 | D        | Reached skill level 15 in Fighting
  5377 | D        | Noticed a vault warden
  5377 | D        | Killed an ironheart preserver
  5379 | D        | Killed an ironheart preserver
  5379 | D        | Reached XP level 14. HP: 135/159 MP: 13/13
  5389 | D        | Killed a vault warden
  5389 | D        | Received a gift from Trog
  5429 | D        | Got a dazzling giant spiked club {god gift}
  5467 | D        | Identified the +6 giant spiked club "Rof Julu" {crush, rElec rC++} (Trog gifted it to you in the Dungeon)
  5486 | D        | Noticed a stone giant
  5487 | D        | Noticed a stone giant
  5488 | D        | Noticed an ironheart preserver
  5489 | D        | Noticed an ironheart preserver
  5499 | D        | Killed a stone giant
  5499 | D        | Received a gift from Trog
  5504 | D        | Killed an ironheart preserver
  5505 | D        | Killed a stone giant
  5515 | D        | Killed an ironheart preserver
  5519 | D        | Received a gift from Trog
  5610 | D        | Noticed Nikola
  5621 | D        | Killed Nikola
  5820 | D        | Noticed Ilsuiw
  5839 | D        | Received a gift from Trog
  5851 | D        | Killed Ilsuiw
  5851 | D        | Reached skill level 23 in Maces & Flails
  5865 | D        | Received a gift from Trog
  5902 | D        | Got a barnacled rune of Zot
  6132 | D        | Noticed a greater naga
  6132 | D        | Noticed a greater naga
  6133 | D        | Noticed a greater naga
  6134 | D        | Reached skill level 15 in Armour
  6139 | D        | Noticed a greater naga
  6143 | D        | Received a gift from Trog
  6148 | D        | Killed a greater naga
  6152 | D        | Killed a greater naga
  6158 | D        | Killed a greater naga
  6166 | D        | Killed a greater naga
  6166 | D        | Received a gift from Trog
  6166 | D        | Reached XP level 15. HP: 55/171 MP: 14/14
  6183 | D        | Received a gift from Trog
  6542 | D        | Got a jewelled giant club {god gift}
  6549 | D        | Got a serpentine rune of Zot
  6552 | D        | Identified the +5 giant club of Hubris {antimagic, rN+} (Trog gifted it to you in the Dungeon)
  6839 | D        | Killed a ghost moth
  6846 | D        | Killed a ghost moth
  6849 | D        | Received a gift from Trog
  6860 | D        | Killed a ghost moth
  6897 | D        | Killed a ghost moth
  6897 | D        | Received a gift from Trog
  6900 | D        | Got a gossamer rune of Zot
  7069 | D        | Received a gift from Trog
  7069 | D        | Reached skill level 24 in Maces & Flails
  7104 | D        | Received a gift from Trog
  7115 | D        | Got a decaying rune of Zot
  7122 | D        | Got a crystal giant club {god gift}
  7123 | D        | Identified the +7 giant club of Demonkind {speed, Fragile +Fly rN+ Str+2} (Trog gifted it to you in the Dungeon)
  7178 | D        | Noticed Rupert
  7186 | D        | Killed Rupert
  7245 | D        | Received a gift from Trog
  7282 | D        | Received a gift from Trog
  7375 | D        | Received a gift from Trog
  7375 | D        | Reached XP level 16. HP: 175/188 MP: 15/15
  7401 | D        | Received a gift from Trog
  7404 | D        | Got a bloodstained giant spiked club {god gift}
  7411 | D        | Identified the +5 giant spiked club "Ninuirghu" {drain, *Rage +Blink Int+4 Stlth+} (Trog gifted it to you in the Dungeon)
  7428 | D        | Noticed a shadow dragon
  7445 | D        | Received a gift from Trog
  7455 | D        | Killed a shadow dragon
  7463 | D        | Reached skill level 25 in Maces & Flails
  7466 | D        | Noticed a shadow dragon
  7468 | D        | Received a gift from Trog
  7471 | D        | Noticed a shadow dragon
  7478 | D        | Noticed Saint Roka
  7486 | D        | Killed a shadow dragon
  7493 | D        | HP: 10/283 [Saint Roka/divine providence (13)]
  7493 | D        | Mangled by a shadow dragon

Vault maps used:
D:        linesprint

Skill      XL: |  1  2  3  4  5  6  7  8  9 10 11 12 13 14 15 16 |
---------------+-------------------------------------------------+-----
Maces & Flails | 6 9 12 13 14 16 17 19 21 22 23 24 25 | 25.1
Fighting       | 5 6 7 9 10 12 13 15 16 18 19 | 19.1
Dodging        | 5 6 7 9 10 12 13 15 16 18 19 | 19.1
Armour         | 2 6 11 15 19 20 | 20.4

Action                   |  1- 3 |  4- 6 |  7- 9 | 10-12 | 13-15 | 16-18 || total
-------------------------+-------+-------+-------+-------+-------+-------++-------
Melee: Mace              |    32 |    17 |       |       |       |       ||    49
       Dire flail        |       |     5 |    95 |       |       |       ||   100
       Great mace        |       |       |    19 |     4 |       |       ||    23
       Giant club        |       |       |       |   245 |   184 |       ||   429
       Giant spiked club |       |       |       |       |   313 |    79 ||   392
Invok: Trog's Hand       |     1 |       |     4 |    10 |    12 |     1 ||    28
       Berserk           |       |       |     3 |       |     3 |     1 ||     7
       Brothers in Arms  |       |       |       |     6 |     7 |       ||    13
  Use: Potion            |       |     1 |     2 |     3 |     7 |       ||    13
       Scroll            |       |       |       |     2 |     1 |       ||     3
 Stab: Invisible         |       |     1 |     6 |       |       |       ||     7
  Eat: Chunk             |       |     4 |    10 |    15 |    36 |       ||    65
       Meat ration       |       |       |       |     3 |     2 |       ||     5
       Bread ration      |       |       |       |       |     1 |       ||     1
Armor: Animal skin       |     9 |    14 |    16 |    26 |       |       ||    65
       Storm dragon armo |       |       |       |    69 |   314 |    13 ||   396
Dodge: Dodged            |    18 |    16 |    45 |   131 |   270 |    27 ||   507
